 Dungeon Crawl Stone Soup version 0.31-a0-851-g7ff8af7976 (webtiles) character file.

Game seed: 12576825093755246156

20612 kae the Severer (level 12, -1/106 HPs)
             Began as a Hill Orc Fighter on Oct 4, 2023.
             Was a High Priest of Makhleb.
             Slain by Nessos (4 damage)
             ... while petrified by Jorgrun
             ... on level 13 of the Dungeon on Oct 5, 2023.
             The game lasted 00:14:43 (13294 turns).

kae the Severer (Hill Orc Fighter)                 Turns: 13294, Time: 00:14:44

Health: -1/106     AC: 17    Str: 24    XL:     12   Next: 81%
Magic:  19/19      EV: -1    Int:  8    God:    Makhleb [*****.]
Gold:   3026       SH:  0    Dex: 20    Spells: 11/11 levels left

rFire   . . .        Q - +7 battleaxe (elec)
rCold   . . .        (shield currently unavailable)
rNeg    + + +        z - +6 chain mail of Lierebb {*Corrode rPois Dex+4 Slay+3}
rPois   ∞            (no helmet)
rElec   .            h - +1 cloak
rCorr   .            W - +2 pair of gloves
SInv    .            S - +1 pair of boots
Will    .....        (no amulet) Stlth
                     E - +5 ring of evasion
HPRegen 0.37/turn    D - +6 ring of dexterity
MPRegen 0.16/turn

%: corrode self (3%)
@: lethally poisoned (-1 -> -1), petrified, grasped by roots, corroded,
constricted
A: no striking features
a: Renounce Religion, Minor Destruction, Lesser Servant of Makhleb, Major
Destruction, Greater Servant of Makhleb


You were on level 13 of the Dungeon.
You worshipped Makhleb.
Makhleb was extremely pleased with you.
You visited 2 branches of the dungeon, and saw 14 of its levels.
You also visited: Sewer and Ossuary.

You collected 3227 gold pieces.
You spent 201 gold pieces at shops.


   Skills:
 - Level 10.0 Fighting
 - Level 20.0 Axes
 - Level 10.0 Armour
 - Level 3.2 Shields
 - Level 1.0 Earth Magic
 + Level 9.8 Invocations


You had 11 spell levels left.
You didn't know any spells.
Your spell library contained the following spells:

 Spells                   Type           Power      Damage    Failure   Level
 Sting                    Tmut/Pois      0%         1d3       88%         1
 Blink                    Tloc           0%         N/A       95%         2
 Cigotuvi's Dreadful Rot  Necr/Pois/Air  0%         N/A       95%         2
 Poisonous Vapours        Pois/Air       0%         N/A       95%         2
 Sublimation of Blood     Necr           0%         N/A       95%         2
 Wereblood                Tmut           0%         N/A       95%         2
 Ignite Poison            Fire/Tmut/Pois 0%         N/A       99%         3
 Manifold Assault         Tloc           0%         N/A       100%        4
 Olgreb's Toxic Radiance  Pois           0%         N/A       100%        4
 Freezing Cloud           Conj/Ice/Air   0%         6-21      100%        5
 Irradiate                Conj/Tmut      0%         3d11      100%        5
 Summon Hydra             Summ           0%         N/A       100%        7
 Discord                  Hex            0%         N/A       100%        8
 Ignition                 Fire           0%         3d3       100%        8

Inventory:

Hand Weapons
 a - a +1 heavy war axe
 Q - a +7 battleaxe of electrocution (weapon)
   (You took it off a wight on level 8 of the Dungeon)
Missiles
 e - 154 stones
 m - 3 throwing nets {=f!f}
 s - 51 poisoned darts
 G - 7 boomerangs
 H - a curare-tipped dart {=f}
 O - 12 javelins
Armour
 b - a +0 scale mail
 c - a +1 buckler
 h - a +1 cloak (worn)
   (You found it on level 6 of the Dungeon)
 z - the +6 chain mail of Lierebb (worn) {*Corrode rPois Dex+4 Slay+3}
   (You found it on level 5 of the Dungeon)

   Dex+4:     It affects your dexterity (+4).
   Slay+3:    It affects your accuracy & damage with ranged weapons and melee
   (+3).
   rPois:     It protects you from poison *Corrode: It may corrode you when you
   take damage.
 S - a +1 pair of boots (worn)
   (You found it on level 10 of the Dungeon)
 W - a +2 pair of gloves (worn)
   (You found it on level 12 of the Dungeon)
Magical Staves
 g - a staff of fire {!a}
   (You found it on level 1 of the Dungeon)
 K - a staff of earth {!a}
   (You found it on level 7 of the Dungeon)
 X - a staff of cold {!a}
   (You took it off Fannar on level 12 of the Dungeon)
Jewellery
 v - a ring of see invisible
   (You found it on level 4 of the Dungeon)
 C - a ring of ice
   (You found it on level 13 of the Dungeon)
 D - a +6 ring of dexterity (right hand)
   (You found it on level 2 of the Dungeon)
 E - a +5 ring of evasion (left hand)
   (You bought it in a shop on level 2 of the Dungeon)
 F - a ring of fire
   (You found it on level 6 of the Dungeon)
 I - a +6 ring of intelligence
   (You found it on level 5 of the Dungeon)
 R - a ring of resist corrosion
   (You found it on level 4 of the Dungeon)
Wands
 n - a wand of flame (15)
   (You found it on level 5 of the Dungeon)
 L - a wand of mindburst (22)
   (You found it on level 8 of the Dungeon)
 M - a wand of polymorph (3)
   (You found it on level 8 of the Dungeon)
 P - a wand of digging (9)
   (You found it on level 9 of the Dungeon)
 U - a wand of light (5)
   (You found it on level 13 of the Dungeon)
Scrolls
 q - a scroll of blinking {!r}
 t - 2 scrolls of poison
 w - 9 scrolls of teleportation {@r4}
 y - a scroll of fear
 N - a scroll of summoning
 V - a scroll of vulnerability {!r!r}
 Y - a scroll of immolation {!r!r}
Potions
 d - 2 potions of might
 f - 10 potions of curing {@q1}
 i - 3 potions of brilliance
 j - 3 potions of mutation {!q}
 k - 5 potions of heal wounds {unknown}
 l - a potion of cancellation
 o - 3 potions of degeneration {!q}
 p - a potion of resistance
 r - 2 potions of enlightenment
 u - a potion of attraction {!q}
 x - 6 potions of invisibility
 A - a potion of berserk rage {!q}
 B - 3 potions of haste {@q3}
 J - a potion of ambrosia {unknown}
 T - 3 potions of lignification {!q}

Dungeon Overview and Level Annotations

Branches:
Dungeon (13/15) Zot: 26730  Temple (1/1) D:7 Zot: 5877    Lair (0/5) D:11
    Orc (0/2) D:10          Sewer (visited)         Ossuary (visited)
 Vaults: D:13-14

Altars:
Ashenzari
Cheibriados
Dithmenos
Elyvilon
Fedhas
Gozag
Hepliaklqana
Kikubaaqudgha
Makhleb
Nemelex Xobeh
Okawaru
Qazlal
Ru
Sif Muna
Trog
Uskayaw
Vehumet
Wu Jian
Xom
Yredelemnul
Zin
The Shining One

Shops:
D:2 *   D:8 :   D:10 [

Annotations:
D:5 2 runed translucent doors
D:13 Jorgrun, Nessos

#..........# #.
#.....#.####
#.##.....#.### #
#.#..........###
#.#.#.####.......#
#.#.#c#..........#
#....)...#.......#
####.#g#.#.##.......#
......c@c...........#
####.#.#.#.##...#[###
#.#.#.##.....######
............)).....
.#.#.#....#.#)))...#
..#.#.######.#......#
## #.#.# #.#.......
#. .. #.#.#.....
#.#.#.....


You could see Jorgrun, Nessos (fast), a centaur warrior and a centaur.


Message History

You hear a shout!
Nessos wields a +2 longbow of flaming.
It bursts into flame!
Nessos shoots an arrow.
The arrow hits you. The arrow burns you.
You are poisoned.
You hear a shout! 😕 HP[-7]
You take 7 damage, and now have 98/106 hp.
You feel very sick.
Nessos shoots an arrow.
The arrow closely misses you.
Nessos shoots an arrow.
The arrow hits you! The arrow burns you!
You are more poisoned.
You hear a shout!
Things that are here:
a +0 orcbow; a centaur corpse; 😮 HP[-27]
You take 27 damage, and now have 71/106 hp.
MASSIVE DAMAGE!! (PAUSE)
A centaur warrior and a centaur come into view.
You feel extremely sick.
The centaur shouts!
You hear a grinding noise.
Nessos unwields a +2 longbow of flaming.
It stops flaming.
Nessos hits you but does no damage. Nessos barely misses you.
Jorgrun Earthshaker comes into view.
He is wielding a +0 heavy quarterstaff and wearing a +2 robe of willpower. 😮 HP[-9]
You take 9 damage, and now have 62/106 hp.
Unknown command.
You slice Nessos!!
You feel very sick. Nessos hits you but does no damage.
Nessos barely misses you. 😮 HP[-5]
You take 5 damage, and now have 57/106 hp.
Unknown command.
You slash Nessos!
You feel very sick.
Nessos gestures wildly while chanting.
Nessos seems to speed up.
Jorgrun casts a spell at you.
You are slowing down. 😨 HP[-5]
You take 5 damage, and now have 52/106 hp.
You slice Nessos!!
You feel very sick. Nessos barely misses you. Nessos misses you.
The centaur warrior wields a +0 shortbow.
The centaur warrior shoots an arrow.
The arrow hits you but does no damage. Nessos barely misses you.
Nessos kicks you but does no damage.
Your limbs are stiffening. 😨 HP[-3]
You take 3 damage, and now have 49/106 hp.
You feel very sick. Nessos hits you but does no damage.
Nessos kicks you but does no damage.
The centaur warrior unwields a +0 shortbow.
The centaur warrior completely misses you.
The centaur warrior kicks you but does no damage.
Nessos hits you.
* * * LOW HITPOINT WARNING * * *
Nessos kicks you but does no damage.
Jorgrun points at you and mumbles some strange words.
Roots burst forth from the earth!
The grasping roots grab you! The grasping roots constrict you.
* * * LOW HITPOINT WARNING * * *
The centaur wields a +0 shortbow.
The centaur shoots an arrow.
The arrow barely misses you. The centaur warrior hits you.
* * * LOW HITPOINT WARNING * * *
Your corrosive artefact corrodes you!
The centaur warrior kicks you but does no damage.
Nessos hits you but does no damage. Nessos kicks you but does no damage.
You have turned to stone.
Nessos hits you but does no damage. Nessos kicks you but does no damage.
The centaur warrior hits you but does no damage.
The centaur warrior kicks you but does no damage.
The centaur shoots an arrow.
The arrow hits you but does no damage.
Jorgrun hits you with a +0 heavy quarterstaff!
* * * LOW HITPOINT WARNING * * *
The grasping roots constrict you!
* * * LOW HITPOINT WARNING * * *
Nessos stands on their hind legs for a moment.
Nessos hits you but does no damage. Nessos kicks you but does no damage.
The centaur warrior hits you but does no damage.
The centaur warrior kicks you but does no damage.
The centaur shoots an arrow.
The arrow hits you but does no damage. Nessos hits you but does no damage.
Nessos kicks you but does no damage. The centaur warrior hits you.
* * * LOW HITPOINT WARNING * * *
Your corrosive artefact corrodes you!
The centaur warrior kicks you but does no damage.
Nessos hits you but does no damage. Nessos kicks you but does no damage.
The centaur shoots an arrow.
The arrow hits you but does no damage.
Jorgrun hits you with a +0 heavy quarterstaff!!
* * * LOW HITPOINT WARNING * * *
The grasping roots constrict you.
* * * LOW HITPOINT WARNING * * *
Nessos hits you!
* * * LOW HITPOINT WARNING * * *
Nessos completely misses you. The centaur warrior hits you.
The centaur warrior kicks you but does no damage.
The centaur shoots an arrow.
The arrow hits you!
* * * LOW HITPOINT WARNING * * *
Nessos hits you!
You die...

Skill      XL: |  1  2  3  4  5  6  7  8  9 10 11 12 |
---------------+-------------------------------------+-----
Axes           | 3 4 5 6 8 9 11 13 16 18 20 | 20.0
Invocations    | 4 6 9 |  9.8
Fighting       | 5 10 | 10.0
Armour         | 6 10 | 10.0
Earth Magic    | 1 |  1.0
Shields        | |  3.2

Action                     |  1- 3 |  4- 6 |  7- 9 | 10-12 || total
---------------------------+-------+-------+-------+-------++-------
  Melee: War axe           |    91 |    93 |   328 |   217 ||   729
         Battleaxe         |       |       |       |   190 ||   190
 Invoke: Lesser Servant of |       |       |       |     1 ||     1
    Use: Scroll            |     3 |    11 |     7 |    14 ||    35
         Potion            |       |       |     1 |       ||     1
   Stab: Distracted        |       |       |       |     1 ||     1
 Armour: Scale mail        |    52 |    36 |    30 |       ||   118
         Chain mail        |       |       |   121 |   355 ||   476
  Dodge: Dodged            |    32 |    44 |   152 |   238 ||   466
  Block: Buckler           |    21 |    19 |    61 |    67 ||   168

Levels and vault maps discovered:
D:1:      dpeg_arrival_pits, layout_basic
D:2:      layout_basic, serial_shops, nicolae_shop_behind_doors,
          minmay_fountain_box
D:3:      layout_loops_corners, mainiacjoe_overflow_six_doors_small,
          mainiacjoe_overflow_boulevard, shapermc_ecumenical_altar_totnotflames
D:4:      layout_loops_ring, grunt_temple_overflow_order_and_chaos_2,
          uniq_edmund, uniq_natasha
D:5:      due_chaos_kobolds, layout_basic, minmay_misc_feat_nine_boxes,
          amcnicky_mini_corridor_feature, eino_small_chamber_without_monster
D:6:      layout_loops_corners, lightli_sewer_entry_pipes,
          nicolae_ossuary_entry_giza, amethyst_killhole
D:7:      layout_cave_pools, ashenzari_conservatory_becter,
          mainiacjoe_overflow_alcove_4, minmay_temple_entry_waves
D:8:      layout_basic, chei_slow_surprise, serial_shops, nicolae_shop_trees,
          minmay_lizard_king
D:9:      layout_long_grid, okawaru_altar_gauntlet_db,
          mainiacjoe_overflow_tiny_flanked
D:10:     layout_irregular_city, mainiacjoe_overflow_cross_hatched,
          grunt_dithmenos_smoke_and_mirrors, grunt_qazlal_sundering,
          grunt_gozag_breadcrumbs, orc_david_3
D:11:     layout_basic, grunt_lair_entry_orc_guard_hut, uniq_nergalle, uniq_urug
D:12:     layout_long_grid, uniq_fannar, uniq_maurice
D:13:     layout_basic, erik_vaults_1, uniq_nessos, uniq_snorg, uniq_lodul,
          uniq_jorgrun
Temple:   nicolae_temple_bog_church

Notes
Turn   | Place    | Note
-------+----------+-------------------------------------------
     0 | D:1      | kae the Hill Orc Fighter began the quest for the Orb.
     0 | D:1      | Reached XP level 1. HP: 19/19 MP: 1/1
     0 | D:1      | magus.rc [v1.11.3]
    44 | D:1      | Reached skill level 3 in Axes
    83 | D:1      | You pick up a book of Blood and begin reading...
    83 | D:1      | You add the spells Sublimation of Blood, Wereblood and
                  | Summon Hydra to your library.
   265 | D:1      | Reached XP level 2. HP: 25/26 MP: 2/2
   453 | D:1      | Reached skill level 4 in Axes
   740 | D:1      | Identified a scroll of acquirement
   740 | D:1      | Acquired 646 gold pieces
   767 | D:2      | Reached XP level 3. HP: 31/31 MP: 3/3
  1061 | D:2      | Reached skill level 5 in Axes
  1320 | D:2      | Reached XP level 4. HP: 32/39 MP: 4/4
  1412 | D:2      | Found Itezedit's Assorted Antiques.
  1415 | D:2      | Bought a bubbling puce potion for 18 gold pieces
  1415 | D:2      | Bought a fizzy purple potion for 18 gold pieces
  1415 | D:2      | Bought a murky orange potion for 18 gold pieces
  1415 | D:2      | Bought a scroll labelled BEUFUB DITHOIDGH for 21 gold
                  | pieces
  1415 | D:2      | Bought a scroll labelled BEUFUB DITHOIDGH for 21 gold
                  | pieces
  1417 | D:2      | Bought an encrusted cabochon ring for 105 gold pieces
  1867 | D:3      | Found a faded altar of an unknown god.
  1979 | D:3      | Found an ancient bone altar of Kikubaaqudgha.
  1988 | D:3      | Reached skill level 6 in Axes
  2270 | D:3      | Found a sparkling altar of Nemelex Xobeh.
  2501 | D:3      | HP: 9/39 [gnoll/+0 halberd (7)]
  2843 | D:3      | Reached XP level 5. HP: 45/45 MP: 5/5
  2875 | D:4      | Noticed Natasha
  2882 | D:4      | Killed Natasha
  2883 | D:4      | Reached skill level 7 in Axes
  2972 | D:4      | Reached skill level 8 in Axes
  2972 | D:4      | Reached XP level 6. HP: 51/51 MP: 6/6
  2998 | D:4      | Acquired 884 gold pieces
  3052 | D:4      | Noticed Natasha
  3062 | D:4      | Killed Natasha
  3063 | D:4      | Reached skill level 9 in Axes
  3229 | D:4      | Noticed Edmund
  3254 | D:4      | Killed Edmund
  3255 | D:4      | Reached XP level 7. HP: 22/57 MP: 7/7
  3430 | D:4      | Upgraded the game from 0.31-a0-848-gaac375c287 to
                  | 0.31-a0-851-g7ff8af7976
  3430 | D:4      | magus.rc [v1.11.3]
  3468 | D:4      | magus.rc [v1.11.3]
  3511 | D:4      | Reached skill level 10 in Axes
  3515 | D:4      | Noticed Natasha
  3516 | D:4      | Found a burning altar of Makhleb.
  3520 | D:4      | Killed Natasha
  3670 | D:4      | Found a glowing silver altar of Zin.
  3671 | D:4      | Noticed an angel
  3671 | D:4      | Noticed a blizzard demon
  3674 | D:4      | Became a worshipper of Makhleb the Destroyer
  3885 | D:5      | Entered Level 5 of the Dungeon
  3923 | D:5      | Reached skill level 1 in Invocations
  4109 | D:5      | Reached skill level 2 in Invocations
  4200 | D:5      | Identified the +7 quarterstaff of the Shining Light {elec,
                  | *Rage Fly rPois rN++}
  4554 | D:5      | Reached skill level 3 in Invocations
  4611 | D:5      | Found a large runed translucent door.
  4611 | D:5      | Found a large runed translucent door.
  4617 | D:5      | Identified the +6 chain mail of Lierebb {*Corrode rPois
                  | Dex+4 Slay+3}
  4784 | D:5      | Reached skill level 11 in Axes
  4784 | D:5      | Reached skill level 4 in Invocations
  4784 | D:5      | Reached XP level 8. HP: 55/64 MP: 9/11
  5067 | D:5      | Found a shimmering altar of Xom.
  5068 | D:5      | Identified the +2 short sword of Gyovoul {chaos, Drain
                  | Dex+5}
  5449 | D:6      | Reached skill level 5 in Invocations
  5511 | D:6      | Reached skill level 6 in Invocations
  5555 | D:6      | Found a sand-covered staircase.
  5560 | D:6      | Reached skill level 12 in Axes
  5563 | Ossuary  | Entered an ossuary
  5570 | Ossuary  | Reached * piety under Makhleb
  5865 | D:6      | Reached skill level 13 in Axes
  5865 | D:6      | Reached XP level 9. HP: 51/70 MP: 13/13
  5954 | D:6      | Reached ** piety under Makhleb
  5972 | D:6      | Found a glowing drain.
  5984 | Sewer    | Entered a sewer
  6072 | Sewer    | Noticed Pargi
  6082 | Sewer    | Killed Pargi
  6216 | D:6      | Reached skill level 14 in Axes
  6641 | D:6      | You add the spells Cigotuvi's Dreadful Rot, Ignite Poison
                  | and Freezing Cloud to your library.
  6885 | D:7      | Found a staircase to the Ecumenical Temple.
  6935 | D:7      | Reached skill level 15 in Axes
  6967 | D:7      | Noticed a cyclops
  7007 | D:7      | HP: 17/70 [cyclops (18)]
  7008 | D:7      | Killed a cyclops
  7009 | D:7      | Reached skill level 16 in Axes
  7009 | D:7      | Reached skill level 4 in Fighting
  7047 | Temple   | Entered the Ecumenical Temple
  7177 | D:7      | Reached skill level 5 in Fighting
  7248 | D:7      | You add the spells Olgreb's Toxic Radiance, Ignition and
                  | Discord to your library.
  7282 | D:7      | Found a broken altar of Ashenzari.
  7442 | D:7      | Reached XP level 10. HP: 77/81 MP: 14/14
  7443 | D:7      | Reached *** piety under Makhleb
  7590 | D:7      | Found a shimmering blue altar of Sif Muna.
  7621 | D:8      | Reached skill level 6 in Fighting
  7628 | D:8      | Reached skill level 7 in Fighting
  7742 | D:8      | Reached skill level 8 in Fighting
  7781 | D:8      | You pick up a book of Changes and begin reading...
  7894 | D:8      | Reached skill level 9 in Fighting
  8167 | D:8      | Found Cesoh's Book Boutique.
  8204 | D:8      | Reached **** piety under Makhleb
  8235 | D:8      | Found a snail-covered altar of Cheibriados.
  8376 | D:9      | Found a white marble altar of Elyvilon.
  8390 | D:9      | Reached skill level 10 in Fighting
  8400 | D:9      | Reached skill level 4 in Armour
  8505 | D:9      | Reached skill level 5 in Armour
  8636 | D:9      | Found an iron altar of Okawaru.
  8799 | D:9      | Reached skill level 6 in Armour
  9241 | D:10     | Entered Level 10 of the Dungeon
  9258 | D:10     | Found an opulent altar of Gozag.
  9273 | D:10     | Noticed a boulder beetle
  9319 | D:10     | Found a stormy altar of Qazlal.
  9399 | D:10     | Reached XP level 11. HP: 98/99 MP: 15/15
  9401 | D:10     | Reached skill level 7 in Armour
  9455 | D:10     | Found a staircase to the Orcish Mines.
  9455 | D:10     | Found Ufememm's Armour Shop.
  9456 | D:10     | Noticed an orc knight
  9471 | D:10     | Killed an orc knight
  9472 | D:10     | Reached skill level 8 in Armour
  9550 | D:10     | Reached ***** piety under Makhleb
  9615 | D:10     | Found a blossoming altar of Fedhas.
  9644 | D:10     | Reached skill level 9 in Armour
  9730 | D:10     | Killed a boulder beetle
  9907 | D:10     | You add the spells Sting and Poisonous Vapours to your
                  | library.
  9921 | D:10     | Found a shadowy altar of Dithmenos.
 10635 | D:11     | Reached skill level 10 in Armour
 10910 | D:11     | Noticed Nergalle
 10911 | D:11     | Noticed Urug
 10913 | D:11     | Noticed a spectral orc warlord
 11398 | D:11     | Reached skill level 17 in Axes
 11408 | D:11     | Found a staircase to the Lair.
 11422 | D:11     | Killed Urug
 11427 | D:11     | Noticed a manticore
 11440 | D:11     | Killed Nergalle
 11441 | D:11     | Killed a manticore
 11483 | D:11     | a +3 eveningstar {rare}; a +0 scale mail
 11760 | D:12     | Noticed a white ugly thing
 11766 | D:12     | Killed a white ugly thing
 11767 | D:12     | Reached skill level 18 in Axes
 11773 | D:12     | Reached XP level 12. HP: 106/106 MP: 16/16
 11805 | D:12     | Noticed a boulder beetle
 11824 | D:12     | HP: 24/106 [boulder beetle (39)]
 12060 | D:12     | Killed a boulder beetle
 12110 | D:12     | Noticed a boulder beetle
 12141 | D:12     | Killed a boulder beetle
 12314 | D:12     | Reached skill level 19 in Axes
 12379 | D:12     | Noticed Maurice
 12388 | D:12     | Killed Maurice
 12431 | D:12     | You add the spells Blink and Manifold Assault to your
                  | library.
 12512 | D:12     | Noticed Fannar
 12525 | D:12     | Killed Fannar
 12785 | D:12     | Reached skill level 20 in Axes
 12789 | D:12     | Reached skill level 1 in Earth Magic
 12909 | D:12     | Noticed a two-headed ogre
 12914 | D:12     | Killed a two-headed ogre
 13028 | D:13     | Reached skill level 7 in Invocations
 13162 | D:13     | Noticed a tengu warrior
 13165 | D:13     | Killed a tengu warrior
 13166 | D:13     | Reached skill level 8 in Invocations
 13234 | D:13     | Noticed Lodul
 13244 | D:13     | Killed Lodul
 13245 | D:13     | Reached skill level 9 in Invocations
 13284 | D:13     | Noticed Nessos
 13287 | D:13     | Noticed a centaur warrior
 13288 | D:13     | Noticed Jorgrun
 13293 | D:13     | HP: 24/106 [centaur warrior (3)]
 13293 | D:13     | HP: 10/106 [constriction (3)]
 13294 | D:13     | HP: 3/106 [centaur/arrow[a centaur warrior] (4)]
 13294 | D:13     | Slain by Nessos

Vanquished Creatures
  Fannar (D:12)
  3 boulder beetles
  A tengu warrior (D:13)
  A two-headed ogre (D:12)
  Urug (D:11)
  Nergalle (D:11)
  Lodul (D:13)
  A deep elf pyromancer (D:12)
  An orc knight (D:10)
  A manticore (D:11)
  A cyclops (D:7)
  An ugly thing (D:12)
  Maurice (D:12)
  2 gargoyles
  2 unseen horrors (D:12)
  A komodo dragon (D:8)
  5 trolls
  7 slime creatures
  3 wraiths
  2 wyverns
  12 yaks
  A steam dragon (D:6)
  A basilisk (D:12)
  Edmund (D:4)
  2 acid dragons
  A water moccasin (D:8)
  4 orc warriors
  Pargi (Sewer)
  2 ice beasts
  4 black bears
  10 ogres
  6 centaurs
  A phantom (D:7)
  6 kobold brigands
  3 bullfrogs
  3 gnoll sergeants
  5 scorpions
  15 wights
  11 killer bees
  4 howler monkeys
  3 orc priests
  5 hounds
  2 jellies
  A gnoll bouda (D:7)
  6 sleepcaps
  6 orc wizards
  9 iguanas
  Natasha (thrice) (D:4)
  9 mummies
  23 gnolls
  3 river rats (D:6)
  9 adders
  A white imp (D:8)
  An ufetubus (D:5)
  8 worms
  A dart slug (D:2)
  28 orcs
  5 endoplasms
  5 giant cockroaches
  10 goblins
  5 hobgoblins
  2 jackals (D:4)
  31 kobolds
  A quokka (D:1)
  7 ball pythons
  4 bats
  15 frilled lizards
  A goblin zombie (D:6)
  4 hobgoblin zombies (Ossuary)
  A kobold zombie (D:6)
  4 orc zombies (Ossuary)
  4 rats
347 creatures vanquished.

Vanquished Creatures (collateral kills)
  3 wights (D:8)
3 creatures vanquished.

Grand Total: 350 creatures vanquished

Table legend:
 A = Non-vault XP
 B = Vault XP
 C = Vault XP percentage of total XP
 D = Non-vault monster count
 E = Vault monster count
 F = Vault count percentage of total count
                 A         B        C        D         E       F
            +---------+---------+-------+---------+---------+-------
      Total |   22446 |    7000 |  23.8 |     266 |      84 |  24.0
            +---------+---------+-------+---------+---------+-------
        D:1 |      23 |       0 |   0.0 |      14 |       0 |   0.0
        D:2 |      87 |       0 |   0.0 |      16 |       0 |   0.0
        D:3 |      58 |       0 |   0.0 |      10 |       0 |   0.0
        D:4 |     394 |     204 |  34.1 |      19 |       2 |   9.5
        D:5 |     624 |       0 |   0.0 |      17 |       0 |   0.0
        D:6 |    1270 |     122 |   8.8 |      22 |      15 |  40.5
        D:7 |    1645 |       0 |   0.0 |      32 |       0 |   0.0
        D:8 |    2104 |     469 |  18.2 |      37 |      10 |  21.3
        D:9 |    1793 |      13 |   0.7 |      38 |       6 |  13.6
       D:10 |    3080 |     881 |  22.2 |      23 |       6 |  20.7
       D:11 |    2500 |    1971 |  44.1 |      11 |       6 |  35.3
       D:12 |    6672 |    1350 |  16.8 |      20 |       2 |   9.1
       D:13 |    2196 |    1695 |  43.6 |       7 |       9 |  56.2
      Sewer |       0 |     143 | 100.0 |       0 |      12 | 100.0
    Ossuary |       0 |     152 | 100.0 |       0 |      16 | 100.0
            +---------+---------+-------+---------+---------+-------

Skill      XL: |  1  2  3  4  5  6  7  8  9 10 11 12 |
---------------+-------------------------------------+-----
Axes           | 3 4 5 6 8 9 11 13 16 18 20 | 20.0
Invocations    | 4 6 9 |  9.8
Fighting       | 5 10 | 10.0
Armour         | 6 10 | 10.0
Earth Magic    | 1 |  1.0
Shields        | |  3.2

Action                     |  1- 3 |  4- 6 |  7- 9 | 10-12 || total
---------------------------+-------+-------+-------+-------++-------
  Melee: War axe           |    91 |    93 |   328 |   217 ||   729
         Battleaxe         |       |       |       |   190 ||   190
 Invoke: Lesser Servant of |       |       |       |     1 ||     1
    Use: Scroll            |     3 |    11 |     7 |    14 ||    35
         Potion            |       |       |     1 |       ||     1
   Stab: Distracted        |       |       |       |     1 ||     1
 Armour: Scale mail        |    52 |    36 |    30 |       ||   118
         Chain mail        |       |       |   121 |   355 ||   476
  Dodge: Dodged            |    32 |    44 |   152 |   238 ||   466
  Block: Buckler           |    21 |    19 |    61 |    67 ||   168

Illustrated notes

Table legend:
 A = Kills in this place as a percentage of kills in the entire game.
 B = Kills by you in this place as a percentage of kills by you in the entire game.
 C = Kills by friends in this place as a percentage of kills by friends in the entire game.
 D = Other kills in this place as a percentage of other kills in the entire game.
 E = Experience gained in this place as a percentage of experience gained in the entire game.
 F = Experience gained in this place divided by the number of levels of this place that you have seen.
                   A       B       C       D       E      F
               +-------+-------+-------+-------+-------+----------------------
         Total | 100.0 | 100.0 | 100.0 |   N/A | 100.0 | 1840.4
       Dungeon |  92.0 |  91.9 | 100.0 |   N/A |  99.0 | 2242.4
         Sewer |   3.4 |   3.5 |   0.0 |   N/A |   0.5 | 143.0
       Ossuary |   4.6 |   4.6 |   0.0 |   N/A |   0.5 | 152.0
               +-------+-------+-------+-------+-------+----------------------

Table legend: (Time is in decaauts)
 A = Elapsed time spent in this place.
 B = Non-inter-level travel time spent in this place.
 C = Inter-level travel time spent in this place.
 D = Time resting spent in this place.
 E = Time spent auto-exploring this place.
 F = Levels seen in this place.
 G = Mean time per level.
                   A        B        C        D        E       F      G
               +--------+--------+--------+--------+--------+-----+--------+
         Total |  13331 |  12586 |    745 |    628 |   9759 |  16 |  833.2 |
       Dungeon |  12859 |  12114 |    745 |    507 |   9574 |  13 |  989.2 |
        Temple |    122 |    122 |      0 |    121 |      0 |   1 |  122.0 |
         Sewer |    185 |    185 |      0 |      0 |     98 |   1 |  185.0 |
       Ossuary |    164 |    164 |      0 |      0 |     87 |   1 |  164.0 |
               +--------+--------+--------+--------+--------+-----+--------+

Top non-repeatable levels by time:
     D:5: 1529 daAuts
    D:11: 1273 daAuts
     D:6: 1195 daAuts
     D:2: 1117 daAuts
     D:9: 1068 daAuts
    D:10: 1024 daAuts
    D:12: 1022 daAuts
     D:3: 1019 daAuts
     D:4: 1014 daAuts
     D:8: 852 daAuts
     D:1: 779 daAuts
     D:7: 693 daAuts
    D:13: 268 daAuts
   Sewer: 185 daAuts
 Ossuary: 164 daAuts
